 Dungeon Crawl Stone Soup version 0.20.1-2-g1830e616b0 (webtiles) character file.

158 Alfie the Shooter (level 5, -3/40 HPs)
             Began as a Human Hunter on Feb 4, 2020.
             Killed by divine providence
             ... invoked by an orc priest
              (11 damage)
             ... on level 3 of the Dungeon.
             The game lasted 00:06:23 (1704 turns).

Alfie the Shooter (Human Hunter)                    Turns: 1704, Time: 00:06:23

Health: -3/40      AC:  9    Str: 13    XL:     5   Next: 66%
Magic:  5/5        EV: 12    Int: 11    God:
Gold:   162        SH:  0    Dex: 14    Spells: 4/4 levels left

rFire    . . .     SeeInvis .   a - +1 shortbow
rCold    . . .     Gourm    .   (shield currently unavailable)
rNeg     . . .     Faith    .   c - +0 leather armour
rPois    .         Spirit   .   (no helmet)
rElec    .         Reflect  .   (no cloak)
rCorr    .         Harm     .   (no gloves)
MR       .....                  (no boots)
Stlth    +.........             (no amulet)
Regen    0.2/turn               g - +6 ring of protection
MPRegen  0.1/turn               (no ring)

@: lethally poisoned (-3 -> -6)
A: no striking features
a: no special abilities


You were on level 3 of the Dungeon.
You were not hungry.

You visited 1 branch of the dungeon, and saw 3 of its levels.

You collected 162 gold pieces.

Inventory:

Hand Weapons
 a - a +1 shortbow (weapon)
 b - a +1 short sword
Missiles
 d - 34 arrows (quivered)
Armour
 c - a +0 leather armour (worn)
Jewellery
 g - a +6 ring of protection (left hand)
 o - a cursed ring of teleportation {unknown}
Scrolls
 e - a scroll of teleportation
 k - 4 scrolls of fear
 m - a scroll of blinking
Potions
 i - 2 potions of might {unknown}
 j - 4 potions of heal wounds {unknown}
 l - a potion of berserk rage {unknown}
 r - a potion of ambrosia {unknown}
 s - a potion of brilliance {unknown}
 t - a potion of magic {unknown}
Comestibles
 f - a bread ration
 h - 2 meat rations
 n - 2 fruits


   Skills:
 + Level 2.8 Fighting
 + Level 5.9 Bows
 + Level 1.2 Armour
 + Level 2.0 Dodging
 + Level 1.1 Stealth


You had 4 spell levels left.
You didn't know any spells.

Dungeon Overview and Level Annotations

Branches:
Dungeon (3/15)

Altars:


Message History

Aim: an orc priest, wielding a short sword and wearing a robe You shoot an arrow.
The arrow hits the orc priest.
The orc priest is heavily wounded.
Firing (i - inventory):
d - 36 arrows (quivered)
Press: ? - help, Shift-Dir - straight line, f/p - orc priest
Aim: an orc priest, wielding a short sword and wearing a robe (heavily wounded)
You shoot an arrow.
The arrow closely misses the orc priest.
You feel sick.
The orc priest mumbles some strange prayers to Beogh against you.
Beogh smites you!
* * * LOW HITPOINT WARNING * * *
Firing (i - inventory):
d - 35 arrows (quivered)
Press: ? - help, Shift-Dir - straight line, f/p - orc priest
Aim: an orc priest, wielding a short sword and wearing a robe (heavily wounded)
You shoot an arrow.
The arrow closely misses the orc priest.
The orc priest invokes the aid of Beogh against you.
Beogh smites you!
You die...

....#..#..#.# #o.##......<..#.#
..#....#....###..##.........#.###
#.##†.##.....##...........###.#..
#..####......####.#..###..# #.#..
.............# #(.........# #.#..
####.##......# #(#...#.#.## #.#..
#.........# #o#...#.#.# #.###
####......# #)#.>.#.#.# #.#
#......# #@###.#.#.# #.# #......#
#.# #.#.#.# #.#
#......###.###...#.# #.#
...........#.........####.###
##...........................
#.#######.####...........### #.
#.# #.########### #. #.# #.# #..
..#


You could see an orc priest.

Vanquished Creatures
  An orc wizard (D:3)
  3 gnolls (D:3)
  4 adders (D:2)
  2 oozes (D:1)
  A dart slug (D:1)
  An orc (D:3)
  3 ball pythons
  3 giant cockroaches
  4 goblins
  2 hobgoblins
  6 jackals (D:2)
  13 kobolds
  A quokka (D:2)
  5 bats
  3 frilled lizards
  4 rats
56 creatures vanquished.

Notes
Turn   | Place    | Note
-------+----------+-------------------------------------------
     0 | D:1      | Alfie the Human Hunter began the quest for the Orb.
     0 | D:1      | Reached XP level 1. HP: 16/16 MP: 1/1
    97 | D:1      | Reached XP level 2. HP: 22/22 MP: 2/2
   166 | D:1      | Reached XP level 3. HP: 23/27 MP: 3/3
   718 | D:2      | Found a faded altar of an unknown god.
   760 | D:2      | Reached skill level 5 in Bows
   769 | D:2      | Reached XP level 4. HP: 33/33 MP: 4/4
  1045 | D:2      | Reached skill level 1 in Armour
  1422 | D:3      | Reached XP level 5. HP: 30/39 MP: 5/5
  1704 | D:3      | Killed from afar by an orc priest

Skill      XL: |  1  2  3  4 |
---------------+-------------+-----
Bows           | 5 |  5.9
Armour         | 1 |  1.2
Fighting       | |  2.8
Dodging        | |  2.0
Stealth        | |  1.1

Action                   |  1- 3 |  4- 6 || total
-------------------------+-------+-------++-------
Melee: Short sword       |       |     2 ||     2
 Fire: Shortbow          |    68 |    88 ||   156
  Use: Scroll            |     1 |     9 ||    10
  Eat: Royal jelly       |       |     1 ||     1
Armor: Leather armour    |     4 |    12 ||    16
Dodge: Dodged            |    14 |    14 ||    28
